 Dungeon Crawl Stone Soup version 0.24-a0-462-ge24419a6ad (webtiles) character file.

Game seed: 2515123459856634771

78 Kuinu the Skirmisher (level 4, -7/40 HPs)
             Began as a Draconian Berserker on July 1, 2019.
             Was a Believer of Trog.
             Killed from afar by a kobold (19 damage)
             ... with a bolt of acid
             ... on level 3 of the Dungeon.
             The game lasted 00:04:09 (1429 turns).

Kuinu the Skirmisher (Draconian Berserker)          Turns: 1429, Time: 00:04:10

Health: -7/40      AC:  5    Str: 19    XL:     4   Next: 15%
Magic:  13/13      EV: 12    Int:  8    God:    Trog [**....]
Gold:   119        SH:  3    Dex: 11    Spells: 3/3 levels left

rFire    . . .     SeeInvis .   p - +0 long sword
rCold    . . .     Gourm    .   h - +0 buckler
rNeg     . . .     Faith    .   (armour unavailable)
rPois    .         Spirit   .   (helmet restricted)
rElec    .         Reflect  .   (no cloak)
rCorr    .         Harm     .   (no gloves)
MR       ++...                  (no boots)
Stlth    +.........             (no amulet)
HPRegen  1.13/turn              k - ring of magical power
MPRegen  0.13/turn              (no ring)

@: regenerating
A: unfitting armour, cold-blooded, AC +5
a: Berserk, Trog's Hand, Renounce Religion


You were on level 3 of the Dungeon.
You worshipped Trog.
Trog was pleased with you.
You were not hungry.

You visited 1 branch of the dungeon, and saw 3 of its levels.

You collected 119 gold pieces.

Inventory:

Hand Weapons
 a - a +0 falchion
 p - a +0 long sword (weapon)
Armour
 h - a +0 buckler (worn)
Jewellery
 d - an uncursed amulet of inaccuracy
 k - a ring of magical power (left hand)
Scrolls
 c - a scroll of blinking
 f - 2 scrolls of magic mapping
 j - a scroll of amnesia {unknown}
 l - a scroll of noise {unknown}
 m - a scroll of enchant armour {unknown}
 n - 2 scrolls of immolation {unknown}
 o - a scroll of fog {unknown}
 r - 2 scrolls of teleportation
 s - a scroll of remove curse
Potions
 e - a potion of flight
 i - 2 potions of haste
 q - a potion of lignification {unknown}
Comestibles
 b - 6 rations


   Skills:
 * Level 4.1 Fighting
 * Level 3.8 Long Blades
 * Level 3.4 Dodging


You had 3 spell levels left.
You didn't know any spells.
Your spell library was empty.

Dungeon Overview and Level Annotations

Branches:
Dungeon (3/15)

Altars:
Qazlal


Innate Abilities, Weirdness & Mutations

Your plain brown scales are hard. (AC +5)
You cannot fit into any form of body armour.
You are cold-blooded and may be slowed by cold attacks.


Message History

A kobold is nearby!
The kobold shouts!
The kobold throws a stone.
The stone hits you.
You see here a stone.
Unknown command.
The kobold zaps a wand.
The bolt of acid hits you!!
Ouch! That really hurt!
You are splashed with acid!
* * * LOW HITPOINT WARNING * * *
Unknown command.
You are too injured to fight recklessly!
Unknown command.
You are too injured to fight recklessly!
Unknown command.
You are too injured to fight recklessly!
Your skin crawls.
You feel resistant to hostile enchantments.
You feel somewhat more hungry.
The kobold zaps a wand.
The bolt of acid hits you!!
You die...

#........########
..........#
######...## ##.##
#.# #.# ##'##
##(..## #@....#
#.......#
..........#
............+
###K..).......#
#!#..........
....###...###
##..# #.##


You could see a kobold.

Vanquished Creatures
  2 adders (D:2)
  An ooze (D:2)
  A worm (D:2)
  A leopard gecko (D:2)
  3 giant cockroaches (D:1)
  4 goblins (D:2)
  10 hobgoblins
  2 jackals (D:2)
  4 kobolds
  A quokka (D:2)
  3 ball pythons
  9 bats
  2 frilled lizards
  5 rats
48 creatures vanquished.

Notes
Turn   | Place    | Note
-------+----------+-------------------------------------------
     0 | D:1      | Kuinu the Draconian Berserker began the quest for the Orb.
     0 | D:1      | Reached XP level 1. HP: 19/19 MP: 1/1
   101 | D:1      | Reached XP level 2. HP: 4/26 MP: 2/2
   566 | D:2      | Reached ** piety under Trog
   566 | D:2      | Reached XP level 3. HP: 25/33 MP: 3/3
   645 | D:2      | Reached skill level 4 in Fighting
   917 | D:2      | Reached XP level 4. HP: 20/40 MP: 4/4
  1296 | D:2      | Found a stormy altar of Qazlal.
  1429 | D:3      | Killed from afar by a kobold

Levels and vault maps discovered:
D:1:      dpeg_arrival_leaves_temple_mockup, layout_rooms, columned_hall_lemuel
D:2:      layout_loops_ring, nicolae_qazlal_eye_of_the_storm,
          minmay_misc_feat_x, kennysheep_generic_room_8
D:3:      layout_loops_corners, first_ration, minmay_three_crescents

Skill      XL: |  1  2  3 |
---------------+----------+-----
Dodging        | 3 |  3.4
Fighting       | 4 |  4.1
Long Blades    | |  3.8

Action                   |  1- 3 |  4- 6 || total
-------------------------+-------+-------++-------
Melee: Falchion          |   139 |     3 ||   142
       Tailslap          |    11 |     5 ||    16
       Long sword        |       |     9 ||     9
Invok: Berserk           |     1 |       ||     1
       Trog's Hand       |       |     1 ||     1
  Use: Scroll            |     6 |       ||     6
       Potion            |     1 |       ||     1
 Stab: Sleeping          |       |     1 ||     1
  Eat: Chunk             |     1 |     2 ||     3
Armor: Skin              |    58 |     6 ||    64
Dodge: Dodged            |   111 |     8 ||   119
Block: Buckler           |    30 |     1 ||    31
       Rpst.: Falchion   |    32 |     1 ||    33
       Long sword        |       |     1 ||     1

Table legend:
 A = Non-vault XP
 B = Vault XP
 C = Vault XP percentage of total XP
 D = Non-vault monster count
 E = Vault monster count
 F = Vault count percentage of total count
                 A         B        C        D         E       F
            +---------+---------+-------+---------+---------+-------
      Total |     108 |       4 |   3.6 |      46 |       2 |   4.2
            +---------+---------+-------+---------+---------+-------
        D:1 |      29 |       0 |   0.0 |      18 |       0 |   0.0
        D:2 |      76 |       4 |   5.0 |      26 |       2 |   7.1
        D:3 |       3 |       0 |   0.0 |       2 |       0 |   0.0
            +---------+---------+-------+---------+---------+-------
